 Dungeon Crawl Stone Soup version 0.30-a0-359-gd0147acb1a (webtiles) character file.

Game seed: 4400882053129729229

1862 ders the Thaumaturge (level 9, -14/55 HPs)
             Began as a Djinni Conjurer on Nov 11, 2022.
             Was an Initiate of Ashenzari.
             Killed by an exploding fulminant prism (30 damage)
             ... on level 6 of the Dungeon.
             The game lasted 00:07:15 (4820 turns).

ders the Thaumaturge (Djinni Conjurer)              Turns: 4820, Time: 00:07:16

Health: -14/55     AC:  2    Str:  6    XL:     9   Next: 35%
Gold:   337        EV: 12    Int: 31    God:    Ashenzari [......] SH:  0 Dex: 11

rFire   + + .      SeeInvis .    q - +4 hammer "Lanwovep" {spect, *Noise Int+6}
rCold   x . .      Faith    .    (no shield)
rNeg    . . .      Spirit   .    a - +0 robe
rPois   ∞          Reflect  .    (no helmet)
rElec   .          Harm     .    (no cloak)
rCorr   .          Rampage  .    (no gloves)
Will    .....                    (boots unavailable)
Stlth   ++........               (no amulet)
HPRegen 0.29/turn                (no ring)
MPRegen 0.00/turn                (no ring)

@: flying
A: sickness immunity, fire resistance 2, cold vulnerability 1, float, innate
caster, HP casting, extra vitality 1
a: Renounce Religion


You were on level 6 of the Dungeon.
You worshipped Ashenzari.
Ashenzari was noncommittal.
You visited 1 branch of the dungeon, and saw 6 of its levels.

You collected 337 gold pieces.

Inventory:

Hand Weapons
 m - a +2 whip of electrocution
 q - the +4 hammer "Lanwovep" (weapon) {spect, *Noise Int+6}
   (You found it on level 2 of the Dungeon)

   When its wielder attacks, the weapon's spirit leaps out and strikes again.
   The spirit shares a part of any damage it takes with its wielder.
   Int:       It affects your intelligence (+6).
   *Noise:    It may make noises in combat.
Armour
 a - a +0 robe (worn)
Wands
 y - a wand of digging (6)
Scrolls
 b - 2 scrolls of magic mapping {unknown}
 d - a scroll of enchant weapon
 g - a scroll of vulnerability
 i - 2 scrolls of noise
 j - 2 scrolls of teleportation
 l - a scroll of fear {unknown}
 n - a scroll of enchant armour {unknown}
 p - a scroll of butterflies {unknown}
 t - a scroll of acquirement {unknown}
 u - 4 scrolls of identify
 w - a scroll of poison {unknown}
 A - a scroll of amnesia {unknown}
 B - a scroll of brand weapon {unknown}
Potions
 c - 4 potions of mutation
 e - 3 potions of berserk rage
 f - a potion of lignification {unknown}
 h - 3 potions of brilliance
 k - 2 potions of heal wounds
 o - 4 potions of attraction
 r - a potion of curing {unknown}
 s - 2 potions of invisibility {unknown}
 v - a potion of haste {unknown}
 x - a potion of magic {unknown}
 z - a potion of might {unknown}


   Skills:
 - Level 2.1 Dodging
 - Level 1.5 Stealth
 + Level 9.5 Spellcasting


You had 5 spell levels left.
You knew the following spells:

 Your Spells              Type           Power      Damage    Failure   Level
a - Magic Dart            Conj           100%       1d8       1%          1
b - Scorch                Fire           100%       2d10      1%          2
c - Dazzling Flash        Conj/Hex       100%       N/A       1%          3
d - Fulminant Prism       Conj/Hex       32%        3d15      1%          4
e - Iskenderun's Mystic   Conj/Tloc      65%        2d13      1%          4
f - Apportation           Tloc           100%       N/A       1%          1
g - Searing Ray           Conj           100%       2d8       1%          2
h - Ensorcelled Hibernat  Hex/Ice        100%       N/A       1%          2
i - Vhi's Electric Charg  Tloc/Air       100%       N/A       1%          3
Your spell library was empty.

Dungeon Overview and Level Annotations

Branches:
Dungeon (6/15)
 Temple: D:4-7

Altars:
Ashenzari
Dithmenos
Hepliaklqana
Qazlal
Ru

Shops:
D:1 (   D:4 *

Annotations:
D:5 1 runed translucent door, valliere's ghost, novice OpFi


Innate Abilities, Weirdness & Mutations

You are immune to sickness and miasma.
You are immune to poison.
Your flesh is very heat resistant. (rF++)
You are vulnerable to cold. (rC-)
You float through the air rather than walking.
You learn spells naturally, not from books.
Your magical power is your life essence.
You have superior vitality. (+4 MHP)


Message History

A bullfrog comes into view.
An iguana comes into view.
Casting: Iskenderun's Mystic Blast (dangerous; 1% risk of failure)
Confirm with . or Enter, or press ? or * to list all spells.
You erupt in a blast of force!
The mystic blast hits the scorpion!!
You kill the scorpion!
Casting: Iskenderun's Mystic Blast (dangerous; 1% risk of failure)
Confirm with . or Enter, or press ? or * to list all spells.
Aiming: Fulminant Prism (dangerous; 1% risk of failure)
Press: ? - help, Dir - move target You conjure a prism of explosive energy!
A fulminant prism comes into view.
A wight comes into view.
It is wielding a +2 short sword of freezing.
The black bear bites your fulminant prism.
The black bear claws your fulminant prism. x2
Unknown command.
Your fulminant prism crackles loudly.
The black bear completely misses your fulminant prism.
The black bear claws your fulminant prism but does no damage.
The black bear claws your fulminant prism.
Something bites your fulminant prism but does no damage.
Something claws your fulminant prism. x2
Your fulminant prism explodes!
You feel a bit more experienced. x2
You hear a bellow! x3
Casting: Fulminant Prism (dangerous; 1% risk of failure)
Confirm with . or Enter, or press ? or * to list all spells.
Aiming: Fulminant Prism (dangerous; 1% risk of failure)
Press: ? - help, Dir - move target You conjure a prism of explosive energy!
A fulminant prism comes into view.
The bullfrog hits you!
You hear a loud crackle.
You hit the bullfrog.
The bullfrog is moderately wounded.
The bullfrog hits you.
* * * LOW HITPOINT WARNING * * *
You hear an explosion!
The blast of energy engulfs you!!
Ouch! That really hurt!
You die...

.#. # ... #.# #.#
..###.# #....#
#.#..# #.*..#
#zh###.# #.# #@#
#..###F### #......#
#......... #.#..#.#
#.........
#....#.###........
...###)....#......#
#.# #.###.#......#
# #..# #.#......#
...## #.#......#


You could see a bullfrog.

Vanquished Creatures
  An ice beast (D:5)
  4 black bears
  A centaur (D:6)
  Blork the orc (D:5)
  2 necrophages
  4 scorpions
  5 wights (D:6)
  A jelly (D:5)
  3 hounds
  3 orc priests
  Crazy Yiuf (D:2)
  Jessica (D:2)
  Natasha (thrice) (D:2)
  2 iguanas
  4 orc wizards
  6 adders
  A shadow imp (D:6)
  A white imp (D:5)
  A worm (D:4)
  A dart slug (D:5)
  16 orcs
  A bat (D:3)
  9 endoplasms
  2 giant cockroaches
  7 goblins
  10 hobgoblins
  6 jackals
  10 kobolds
  4 quokkas
  7 ball pythons
  2 frilled lizards (D:2)
  5 rats
125 creatures vanquished.

Vanquished Creatures (others)
  8 fulminant prisms
  8 plants (D:3)
  2 withered plants (D:5)
18 creatures vanquished.

Grand Total: 143 creatures vanquished

Notes
Turn   | Place    | Note
-------+----------+-------------------------------------------
     0 | D:1      | ders the Djinni Conjurer began the quest for the Orb.
     0 | D:1      | ders set off with the following spells memorised: Magic
                  | Dart, Searing Ray, Dazzling Flash, Fulminant Prism,
                  | Iskenderun's Mystic Blast.
     0 | D:1      | Reached XP level 1. HP: 15/15 MP: 0/0
   264 | D:1      | Reached XP level 2. HP: 21/21 MP: 0/0
   718 | D:1      | Found Lyovut's Weapon Emporium.
   939 | D:2      | Reached XP level 3. HP: 24/25 MP: 0/0
   939 | D:2      | Learned a level 1 spell: Apportation
  1101 | D:2      | Reached skill level 4 in Spellcasting
  1167 | D:2      | Found a faded altar of an unknown god.
  1168 | D:2      | Noticed Natasha
  1174 | D:2      | Killed Natasha
  1175 | D:2      | Reached XP level 4. HP: 12/31 MP: 0/0
  1199 | D:2      | Noticed a scorpion
  1271 | D:2      | Killed a scorpion
  1272 | D:2      | Reached XP level 5. HP: 22/35 MP: 0/0
  1272 | D:2      | Learned a level 2 spell: Scorch
  1403 | D:2      | Noticed Natasha
  1410 | D:2      | Killed Natasha
  1411 | D:2      | Reached skill level 5 in Spellcasting
  1667 | D:2      | Noticed Jessica
  1670 | D:2      | Found a runed translucent door.
  1671 | D:2      | Killed Jessica
  1676 | D:2      | Identified the +4 hammer "Lanwovep" {spect, *Noise Int+6}
  1676 | D:2      | Noticed Crazy Yiuf
  1690 | D:2      | Killed Crazy Yiuf
  1691 | D:2      | Reached XP level 6. HP: 26/40 MP: 0/0
  1817 | D:2      | Noticed Natasha
  1823 | D:2      | Killed Natasha
  1964 | D:3      | Noticed a black bear
  1973 | D:3      | Killed a black bear
  2304 | D:3      | Reached skill level 6 in Spellcasting
  2471 | D:3      | Reached XP level 7. HP: 27/45 MP: 0/0
  2471 | D:3      | Learned a level 2 spell: Ensorcelled Hibernation
  3022 | D:4      | Found a hazy altar of Hepliaklqana.
  3070 | D:4      | Found Pystant's Assorted Antiques.
  3147 | D:4      | Found a shadowy altar of Dithmenos.
  3313 | D:4      | Noticed a water elemental
  3315 | D:4      | Found a stormy altar of Qazlal.
  3317 | D:4      | Noticed a fire elemental
  3317 | D:4      | Noticed an air elemental
  3545 | D:4      | Found a sacrificial altar of Ru.
  3584 | D:5      | Entered Level 5 of the Dungeon
  3678 | D:5      | Found a runed translucent door.
  3679 | D:5      | Noticed valliere's ghost (novice OpFi)
  3710 | D:5      | Noticed Blork the orc
  3716 | D:5      | Killed Blork the orc
  3717 | D:5      | Reached skill level 7 in Spellcasting
  3727 | D:5      | Reached XP level 8. HP: 20/50 MP: 0/0
  4158 | D:5      | Found a broken altar of Ashenzari.
  4165 | D:5      | Became a worshipper of Ashenzari the Shackled
  4322 | D:6      | Reached skill level 8 in Spellcasting
  4476 | D:6      | Reached XP level 9. HP: 35/55 MP: 0/0
  4476 | D:6      | Learned a level 3 spell: Vhi's Electric Charge
  4538 | D:6      | Reached skill level 9 in Spellcasting
  4820 | D:6      | Killed by an exploding fulminant prism

Illustrated notes

Levels and vault maps discovered:
D:1:      elethiomel_arrival_quiet, layout_loops_ring, serial_shops,
          nicolae_lakefront_shop, serial_forest, infiniplex_forest_lined_room_,
          infiniplex_forest_lined_ring, infiniplex_forest_clump_small,
          infiniplex_forest_end_1, infiniplex_forest_end_1,
          infiniplex_forest_end_1, infiniplex_forest_corner_1,
          infiniplex_forest_zigzag_1, serial_bayou_pond_d
D:2:      layout_loops_cross, hellmonk_ecumenical_altar_lost_god,
          uniq_crazy_yiuf_cottage, uniq_natasha, uniq_jessica
D:3:      layout_loops_ring, led_sif_book, serial_bayou_lake_a
D:4:      layout_rooms, grunt_dithmenos_smoke_and_mirrors,
          nicolae_overflow_crystal_walls, nicolae_qazlal_style_of_elements,
          mainiacjoe_overflow_large_starburst, serial_shops, shop,
          grunt_ministairs_1, chequers_avenue, amcnicky_mini_pool_small
D:5:      layout_rooms, ashenzari_altar_1, gammafunk_ghost_grave,
          uniq_blork_the_orc
D:6:      layout_rooms, minmay_starry_boxes

Skill      XL: |  1  2  3  4  5  6  7  8  9 |
---------------+----------------------------+-----
Spellcasting   | 4 5 6 7 8 9 |  9.5
Dodging        | |  2.1
Stealth        | |  1.5

Action                   |  1- 3 |  4- 6 |  7- 9 || total
-------------------------+-------+-------+-------++-------
Melee: Mace              |       |    10 |     1 ||    11
 Cast: Magic Dart        |    50 |    12 |     1 ||    63
       Searing Ray       |     2 |     2 |       ||     4
       Fulminant Prism   |       |     2 |     6 ||     8
       Iskenderun's Myst |       |     1 |     3 ||     4
       Scorch            |       |    29 |    80 ||   109
  Use: Scroll            |       |       |     9 ||     9
       Potion            |       |       |     1 ||     1
Armor: Robe              |     1 |     1 |     7 ||     9
Dodge: Dodged            |     3 |     7 |    32 ||    42

Table legend: (Time is in decaauts)
 A = Elapsed time spent in this place.
 B = Non-inter-level travel time spent in this place.
 C = Inter-level travel time spent in this place.
 D = Time resting spent in this place.
 E = Time spent auto-exploring this place.
 F = Levels seen in this place.
 G = Mean time per level.
                   A        B        C        D        E       F      G
               +--------+--------+--------+--------+--------+-----+--------+
         Total |   4821 |   4696 |    125 |    569 |   3441 |   6 |  803.5 |
       Dungeon |   4821 |   4696 |    125 |    569 |   3441 |   6 |  803.5 |
               +--------+--------+--------+--------+--------+-----+--------+

Top non-repeatable levels by time:
     D:2: 961 daAuts
     D:1: 935 daAuts
     D:3: 920 daAuts
     D:4: 769 daAuts
     D:5: 720 daAuts
     D:6: 514 daAuts
